[Event "Titled Tuesday Blitz December 20 Late 2022"]
[White "Przybylski, Wojciech"]
[Black "Han, Yichen"]
[WhiteFideId "1117599"]
[BlackFideId "1054430"]
[WhiteElo "2508"]
[BlackElo "2658"]
[Result "1-0"]
[Round "09"]
[TimeControl "180+1"]
[Date "2022.12.21"]
[WhiteClock "0:00:33"]
[BlackClock "0:00:02"]

1. e4 c6 2. d4 d5 3. e5 g6 4. Nf3 Bg7 5. Be2 f6 6. O-O Bg4 7. Re1 Nd7 8. Bf4 Qb6 9. Nbd2 O-O-O 10. c4 fxe5 11. Nxe5 Bxe2 12. Qxe2 Qxd4 13. Nxd7 Rxd7 14. Be3 Qe5 15. cxd5 Rxd5 16. Nc4 Qe6 17. Qc2 Qf5 18. Qa4 Bd4 19. Bxd4 Rxd4 20. Nb6+ axb6 21. Qxd4 Nf6 22. Rxe7 Rd8 23. Qxb6 Rd7 24. Rxd7 Nxd7 25. Qd4 c5 26. Qh8+ Kc7 27. Qxh7 Qc2 28. Qg7 c4 29. h4 b5 30. Re1 b4 31. Qd4 Qd3 32. Qa7+ Kd6 33. Qa6+ Kc7 34. Qa5+ Kd6 35. Qxb4+ Nc5 36. a4 Kd5 37. a5 Qc2 38. a6 Nxa6 39. Qb7+ 1-0


[Site "https://www.chess.com"]

[Event "Titled Tuesday Blitz December 20 Late 2022"]
[White "Rangel, Daniel"]
[Black "Barria Zuniga, Daniel"]
[WhiteFideId "2124475"]
[BlackFideId "3400816"]
[WhiteElo "2225"]
[BlackElo "2414"]
[Result "0-1"]
[Round "09"]
[TimeControl "180+1"]
[Date "2022.12.21"]
[WhiteClock "0:00:16"]
[BlackClock "0:00:41"]

1. d4 g6 2. c4 Bg7 3. Nc3 c5 4. d5 Bxc3+ 5. bxc3 Qa5 6. Bd2 f5 7. f3 Nf6 8. Nh3 d6 9. Nf2 Nbd7 10. e3 Ne5 11. h3 Bd7 12. f4 Nf7 13. g4 O-O-O 14. g5 Nh5 15. Rg1 e5 16. dxe6 Bxe6 17. Rb1 Rhe8 18. Qb3 b6 19. Bg2 Nxf4 20. Bc6 Bd7 21. Bxd7+ Rxd7 22. Kd1 Ne6 23. Qc2 Ne5 24. Qb3 Red8 25. Kc2 Qa6 26. Qb5 Kb7 27. Qxa6+ Kxa6 28. Kb3 Nc6 29. Kc2 Na5 30. h4 Nxc4 31. Bc1 d5 32. Nd3 d4 33. cxd4 cxd4 34. Nb4+ Kb7 35. exd4 Nxd4+ 36. Kc3 Rc8 37. Rh1 a5 38. Nd3 Ne5+ 39. Kd2 Ndf3+ 40. Ke2 Rxd3 41. Be3 Rc2+ 0-1


[Site "https://www.chess.com"]

[Event "Titled Tuesday Blitz December 20 Late 2022"]
[White "Rego, Pedro Filipe"]
[Black "Solon, Nathan"]
[WhiteFideId "1904310"]
[BlackFideId "2017229"]
[WhiteElo "2193"]
[BlackElo "2636"]
[Result "1-0"]
[Round "09"]
[TimeControl "180+1"]
[Date "2022.12.21"]
[WhiteClock "0:01:41"]
[BlackClock "0:01:28"]

1. e4 c5 2. Nf3 e6 3. d4 cxd4 4. Nxd4 Nf6 5. Bd3 Nc6 6. Nxc6 bxc6 7. c4 e5 8. O-O Bc5 9. Qe2 O-O 10. Be3 d6 11. Nc3 Nd7 12. Na4 Bxe3 13. Qxe3 Qa5 14. b3 c5 15. Be2 Rd8 16. Rad1 Nf8 17. f4 exf4 18. Qxf4 Be6 19. Rxd6 Ng6 20. Qg3 h6 21. Rxe6 1-0


[Site "https://www.chess.com"]

[Event "Titled Tuesday Blitz December 20 Late 2022"]
[White "Renjith, Sravan"]
[Black "Itkis, Boris"]
[WhiteFideId "4306783"]
[BlackFideId "1209167"]
[WhiteElo "2580"]
[BlackElo "2302"]
[Result "1-0"]
[Round "09"]
[TimeControl "180+1"]
[Date "2022.12.21"]
[WhiteClock "0:01:57"]
[BlackClock "0:01:24"]

1. Nf3 d5 2. d4 Nd7 3. g3 Ngf6 4. Bg2 Nb6 5. O-O Bf5 6. Ne5 e6 7. c4 dxc4 8. Bxb7 Rb8 9. Bc6+ Ke7 10. b3 Ne8 11. Ba3+ Nd6 12. bxc4 f6 13. e4 Bh3 14. Qh5 fxe5 15. Qxh3 Nxc4 16. d5 Qc8 17. Qh4+ Kf7 18. dxe6+ Qxe6 19. Bd5 1-0


[Site "https://www.chess.com"]

[Event "Titled Tuesday Blitz December 20 Late 2022"]
[White "Reprintsev, Alexander"]
[Black "Andreassen, Lars"]
[WhiteFideId "14100541"]
[BlackFideId "1504878"]
[WhiteElo "2230"]
[BlackElo "2119"]
[Result "1-0"]
[Round "09"]
[TimeControl "180+1"]
[Date "2022.12.21"]
[WhiteClock "0:00:13"]
[BlackClock "0:00:05"]

1. e4 d5 2. exd5 Nf6 3. d4 Bg4 4. Bb5+ Nbd7 5. Be2 Bxe2 6. Qxe2 Nxd5 7. c4 N5f6 8. Nc3 e6 9. Bg5 Be7 10. Nf3 c6 11. O-O O-O 12. Bh4 a5 13. Rfd1 Nh5 14. Bxe7 Qxe7 15. d5 cxd5 16. cxd5 e5 17. d6 Qe6 18. Ng5 Qg6 19. Qg4 Nhf6 20. Qh4 h6 21. Nge4 Nxe4 22. Qxe4 Qxe4 23. Nxe4 Rac8 24. Rac1 f5 25. Nc3 Nf6 26. f3 Rfd8 27. Nb5 Rxc1 28. Rxc1 e4 29. Kf2 Rd7 30. Rc7 exf3 31. gxf3 Kf7 32. Nd4 g6 33. a4 Ke8 34. Rc8+ Kf7 35. Nb5 Ne8 36. Rb8 Nxd6 37. Nxd6+ Rxd6 38. Rxb7+ Kf6 39. Rb5 Ra6 40. f4 g5 41. h4 g4 42. h5 Ke6 43. b3 Kf6 44. Kg3 Ke6 45. Kg2 Kf6 46. Kf2 Ke6 47. Rb8 Kf6 48. Rg8 Rb6 49. Rg6+ 1-0


[Site "https://www.chess.com"]

[Event "Titled Tuesday Blitz December 20 Late 2022"]
[White "Ronka, Erik"]
[Black "Fernandez De La Vara, Arnaldo"]
[WhiteFideId "505080"]
[BlackFideId "3518388"]
[WhiteElo "2264"]
[BlackElo "2387"]
[Result "1-0"]
[Round "09"]
[TimeControl "180+1"]
[Date "2022.12.20"]
[WhiteClock "0:00:16"]
[BlackClock "0:00:42"]

1. e4 c5 2. Nf3 e6 3. d4 cxd4 4. Nxd4 a6 5. Nc3 Qc7 6. Bd3 Nf6 7. f4 d6 8. Qf3 b5 9. g4 Bb7 10. g5 Nfd7 11. h4 Nc6 12. Be3 b4 13. Nce2 Nc5 14. h5 e5 15. Nxc6 Qxc6 16. fxe5 dxe5 17. Rf1 Nxd3+ 18. cxd3 Qe6 19. d4 exd4 20. Nxd4 Qe7 21. Nf5 Qxe4 22. Nxg7+ Kd8 23. Rd1+ Kc8 24. Rc1+ Kd8 25. Qf6+ Be7 26. Qb6+ 1-0


[Site "https://www.chess.com"]

[Event "Titled Tuesday Blitz December 20 Late 2022"]
[White "Rosenberg, Evan S"]
[Black "Ferreira, Vitor Hugo Vieira"]
[WhiteFideId "2019299"]
[BlackFideId "2119765"]
[WhiteElo "2412"]
[BlackElo "2146"]
[Result "0-1"]
[Round "09"]
[TimeControl "180+1"]
[Date "2022.12.21"]
[WhiteClock "0:00:25"]
[BlackClock "0:01:45"]

1. d4 d5 2. Nf3 Nf6 3. c3 Bf5 4. Qb3 b6 5. Ne5 c6 6. g3 Nfd7 7. Nxc6 Nxc6 8. Qxd5 Bxb1 9. Rxb1 Rc8 10. Bg2 Nf6 11. Qb5 Qd7 12. O-O e6 13. e4 Be7 14. d5 Ne5 15. Qa6 O-O 16. Bf4 Ng6 17. Bg5 exd5 18. exd5 Nxd5 19. Bxe7 Ndxe7 20. Rbd1 Qc7 21. Rfe1 Rfd8 22. h4 Rxd1 23. Rxd1 h6 24. h5 Nf8 25. Bh3 Rb8 26. Rd4 Qb7 27. Qd3 Nc6 28. Rd6 Ne5 29. Qe3 Nf3+ 30. Kf1 Ng5 31. Bg2 Qa6+ 32. Kg1 Qxa2 33. Qe7 Qxb2 34. Rd8 Rxd8 35. Qxd8 Qxc3 36. f4 Nf3+ 37. Kf2 Qd4+ 38. Qxd4 Nxd4 39. Ke3 Nde6 40. g4 Nd7 41. Bh3 Kf8 42. Kf3 Ke7 43. Kg3 Kd6 44. Bg2 a5 45. Be4 a4 46. Bb1 a3 47. Ba2 Ndc5 48. Kf3 Nd4+ 49. Ke3 Nb5 50. Kd2 Na4 51. Kc2 Nbc3 52. Bb3 a2 53. Bxa2 Nxa2 54. Kb3 N2c3 55. g5 Ke6 56. gxh6 gxh6 57. Kc2 Kf5 58. Kd3 Kxf4 59. Kc4 Kg5 60. Kd4 Kxh5 61. Ke3 Kg5 62. Kf2 Nd5 63. Kg1 Nc5 64. Kh2 Nb7 65. Kh3 Nd8 66. Kg3 Nc7 67. Kf3 Ne8 68. Ke4 h5 69. Kd5 h4 70. Kc4 h3 71. Kb5 h2 72. Kxb6 h1=Q 73. Kc5 Qd1 74. Kc4 Nd6+ 75. Kc3 Ne4+ 76. Kb2 Qd2+ 77. Ka1 Qg2 78. Kb1 Nc6 79. Ka1 Nb4 80. Kb1 Qc2+ 81. Ka1 Qa2# 0-1


[Site "https://www.chess.com"]

[Event "Titled Tuesday Blitz December 20 Late 2022"]
[White "Rustemov, Alexander"]
[Black "Goltsev, Dmitry"]
[WhiteFideId "4119002"]
[BlackFideId "24176710"]
[WhiteElo "2884"]
[BlackElo "2327"]
[Result "0-1"]
[Round "09"]
[TimeControl "180+1"]
[Date "2022.12.20"]
[WhiteClock "0:00:02"]
[BlackClock "0:00:48"]

1. d4 Nf6 2. c4 e6 3. Nf3 Bb4+ 4. Bd2 Qe7 5. g3 b6 6. Bg2 Bb7 7. O-O O-O 8. Bf4 Bd6 9. Bxd6 Qxd6 10. Nc3 Qe7 11. Qc2 d6 12. e4 Nbd7 13. Rfe1 e5 14. Rad1 a5 15. h3 c6 16. b3 Rac8 17. Qd2 Rfe8 18. Kh2 Nf8 19. Qe3 Ng6 20. dxe5 dxe5 21. Qxb6 Qb4 22. Qe3 Rcd8 23. Na4 Ba6 24. Nc5 Bc8 25. Rxd8 Rxd8 26. Nd3 Qa3 27. Ndxe5 Qxa2 28. Nxc6 Re8 29. e5 Nd7 30. Re2 Qa3 31. Qc3 a4 32. Rb2 Bb7 33. Nfd4 Ndxe5 34. Nxe5 Bxg2 35. Nxg6 Be4 36. Nf4 Qa1 37. f3 a3 38. Rc2 Qxc3 39. Rxc3 a2 40. Rc1 Bb1 41. Nc2 Bxc2 42. Ra1 Bxb3 43. c5 Rd8 44. g4 Rd2+ 45. Kg3 g5 46. Nh5 Rd1 47. Nf6+ Kh8 48. Rxa2 Bxa2 49. Ne4 h6 50. h4 gxh4+ 51. Kxh4 Rc1 52. Kg3 Bd5 53. Nf6 Rxc5 54. Kf4 Be6 55. Kg3 Kg7 56. Ne8+ Kg6 57. Nd6 Rc3 58. Ne4 Ra3 59. Kf4 Bd5 60. Nd2 Rd3 61. Ne4 f6 0-1


[Site "https://www.chess.com"]

[Event "Titled Tuesday Blitz December 20 Late 2022"]
[White "Sanchez, Robert"]
[Black "Clawitter, Craig"]
[WhiteFideId "2034360"]
[BlackFideId "2023105"]
[WhiteElo "2373"]
[BlackElo "2226"]
[Result "1-0"]
[Round "09"]
[TimeControl "180+1"]
[Date "2022.12.21"]
[WhiteClock "0:00:14"]
[BlackClock "0:00:04"]

1. e4 e6 2. d4 d5 3. Nc3 Bb4 4. e5 c5 5. Bd2 Nh6 6. Nf3 Nf5 7. dxc5 Nd7 8. Bd3 Nh4 9. O-O Nxf3+ 10. Qxf3 Nxe5 11. Bb5+ Bd7 12. Qg3 Bxb5 13. Nxb5 Bxd2 14. Nd6+ Kf8 15. Qxe5 Qc7 16. Qd4 Bg5 17. c3 b6 18. b4 Bf6 19. Qe3 bxc5 20. bxc5 Be7 21. Qe5 Qxc5 22. Nb7 Qc8 23. Rab1 h5 24. Rfc1 Rh6 25. c4 dxc4 26. Na5 c3 27. Rxc3 Qd8 28. Rcb3 Rg6 29. Rb8 Bd6 30. Qxd6+ 1-0


[Site "https://www.chess.com"]

[Event "Titled Tuesday Blitz December 20 Late 2022"]
[White "Sarana, Alexey"]
[Black "Ibarra Jerez, Jose Carlos"]
[WhiteFideId "24133795"]
[BlackFideId "2226332"]
[WhiteElo "2708"]
[BlackElo "2638"]
[Result "1-0"]
[Round "09"]
[TimeControl "180+1"]
[Date "2022.12.20"]
[WhiteClock "0:00:24"]
[BlackClock "0:00:07"]

1. d4 Nf6 2. c4 d6 3. Nc3 e5 4. Nf3 e4 5. Ng5 Qe7 6. Qc2 Bf5 7. f3 Nc6 8. fxe4 Bg6 9. d5 Nb8 10. e3 Nbd7 11. Bd3 Nc5 12. O-O h6 13. Nf3 Nfxe4 14. Nxe4 Nxd3 15. Qxd3 Qxe4 16. Qb3 O-O-O 17. Bd2 Be7 18. Bc3 Bg5 19. Bd4 Rde8 20. Rae1 Qc2 21. Qxc2 Bxc2 22. Nxg5 hxg5 23. Rxf7 Rh4 24. Rc1 Be4 25. Rxg7 g4 26. Rf1 Rh7 27. Rxg4 Bd3 28. Rc1 Rf7 29. h4 Ref8 30. h5 Be2 31. Rh4 Rh7 32. h6 Rf5 33. e4 Rg5 34. Rc2 Bh5 35. Rf2 Bg6 36. Rf8+ Kd7 37. Bf6 1-0


[Site "https://www.chess.com"]

[Event "Titled Tuesday Blitz December 20 Late 2022"]
[White "Sarkar, Justin"]
[Black "De Souza, Cristiano Gomes"]
[WhiteFideId "2010011"]
[BlackFideId "2151758"]
[WhiteElo "2239"]
[BlackElo "2068"]
[Result "0-1"]
[Round "09"]
[TimeControl "180+1"]
[Date "2022.12.21"]
[WhiteClock "0:00:02"]
[BlackClock "0:00:14"]

1. e4 c5 2. Nf3 d6 3. Bb5+ Bd7 4. c4 Bxb5 5. cxb5 g6 6. d4 Bg7 7. Nc3 Nd7 8. O-O cxd4 9. Nxd4 Ngf6 10. Be3 O-O 11. Rc1 Nc5 12. f3 Rc8 13. b4 Ncd7 14. Qb3 Nb6 15. Rfd1 Nc4 16. Bf2 Bh6 17. Rc2 Be3 18. Nd5 Nxd5 19. Rxc4 Rxc4 20. Qxc4 Nb6 21. Qb3 Bxf2+ 22. Kxf2 e5 23. Nc2 Qh4+ 24. Kg1 Rc8 25. Ne3 Qe7 26. a4 Nd7 27. Nd5 Qe6 28. a5 Kg7 29. Qd3 Rd8 30. Ne3 Nf6 31. Qc3 Rc8 32. Qd2 Ne8 33. Nd5 Rd8 34. Rc1 Nf6 35. Rc7 Nxd5 36. exd5 Qf5 37. Rxb7 Qb1+ 38. Kf2 Rc8 39. Kg3 Qf5 40. h4 Rc2 41. Qe3 Rc4 42. b6 axb6 43. axb6 Qf6 44. Kf2 Qxh4+ 45. Ke2 Rc2+ 46. Kd3 Qc4# 0-1


[Site "https://www.chess.com"]

[Event "Titled Tuesday Blitz December 20 Late 2022"]
[White "Shapiro, Daniel"]
[Black "Dudzinski, Pawel"]
[WhiteFideId "2001780"]
[BlackFideId "1117890"]
[WhiteElo "2342"]
[BlackElo "2099"]
[Result "1/2-1/2"]
[Round "09"]
[TimeControl "180+1"]
[Date "2022.12.21"]
[WhiteClock "0:00:04"]
[BlackClock "0:00:08"]

1. d4 d5 2. c4 c6 3. Nf3 e6 4. Qc2 f5 5. Bf4 Nf6 6. e3 Be7 7. h3 O-O 8. Nc3 Ne4 9. Bd3 Nd7 10. O-O Ndf6 11. Rad1 Bd7 12. Ne5 Be8 13. f3 Nxc3 14. bxc3 Nh5 15. Bh2 Bh4 16. g4 Ng3 17. Rf2 fxg4 18. Bxh7+ Kh8 19. hxg4 Ne4 20. Rg2 Ng5 21. Bg6 Nxf3+ 22. Nxf3 Rxf3 23. Bf4 Rh3 24. Rdd2 Bxg6 25. Qxg6 Qf6 26. Qxf6 Bxf6 27. g5 Be7 28. Rh2 Rxh2 29. Rxh2+ Kg8 30. c5 b6 31. cxb6 axb6 32. Rb2 b5 33. Kf2 Ra3 34. Rc2 Kf7 35. Kf3 Kg6 36. Kg4 Ra4 37. Be5 Rc4 38. Bf4 Bb4 39. Rg2 Bxc3 40. Rh2 Ra4 41. Rh8 Rxa2 42. Rc8 Ra7 43. Rxc6 Kf7 44. Rb6 b4 45. Be5 Bd2 46. Kh5 Bxe3 47. Rxb4 g6+ 48. Kh6 Rd7 49. Rb6 Re7 50. Rb8 Rd7 51. Rh8 Bd2 52. Rh7+ Ke8 53. Rh8+ Ke7 54. Rh7+ Kd8 55. Rh8+ Ke7 56. Rh7+ Ke8 57. Rh8+ Ke7 1/2-1/2


[Site "https://www.chess.com"]

[Event "Titled Tuesday Blitz December 20 Late 2022"]
[White "Shimanov, Aleksandr"]
[Black "Makarian, Rudik"]
[WhiteFideId "4198603"]
[BlackFideId "44105681"]
[WhiteElo "2605"]
[BlackElo "2440"]
[Result "0-1"]
[Round "09"]
[TimeControl "180+1"]
[Date "2022.12.20"]
[WhiteClock "0:00:01"]
[BlackClock "0:00:10"]

1. e4 c5 2. c3 d5 3. exd5 Nf6 4. Bb5+ Nbd7 5. d4 a6 6. Bxd7+ Qxd7 7. dxc5 Qxd5 8. Qxd5 Nxd5 9. Nd2 e5 10. Nb3 Be6 11. Nf3 f6 12. Bd2 Rc8 13. c4 Nf4 14. Bxf4 exf4 15. Rc1 Bxc5 16. Nxc5 Rxc5 17. b3 Kf7 18. O-O Rd8 19. Rfd1 Rxd1+ 20. Rxd1 b5 21. cxb5 axb5 22. Nd4 Rd5 23. f3 b4 24. Kf2 g5 25. Ke1 Re5+ 26. Kd2 Ra5 27. Ra1 h5 28. h3 Bd5 29. Kc2 Kg6 30. Kb2 Bb7 31. Rc1 Rd5 32. Rc4 Ba6 33. Rxb4 Bf1 34. a4 Bxg2 35. Kc3 Bxh3 36. Rb8 g4 37. Re8 g3 38. Re1 Re5 39. Rg1 h4 40. b4 Bd7 41. a5 h3 42. a6 h2 43. Rc1 g2 44. a7 Re8 45. Rc2 g1=Q 0-1


[Site "https://www.chess.com"]

[Event "Titled Tuesday Blitz December 20 Late 2022"]
[White "Shuvalova, Polina"]
[Black "Movahed, Sina"]
[WhiteFideId "24171760"]
[BlackFideId "42520835"]
[WhiteElo "2361"]
[BlackElo "2225"]
[Result "1-0"]
[Round "09"]
[TimeControl "180+1"]
[Date "2022.12.20"]
[WhiteClock "0:00:04"]
[BlackClock "0:00:08"]

1. d4 Nf6 2. Nf3 g6 3. c4 Bg7 4. Nc3 O-O 5. e4 d6 6. Be2 e5 7. d5 Na6 8. O-O Nc5 9. Nd2 a5 10. Qc2 Nfd7 11. Re1 f5 12. exf5 gxf5 13. Nf1 e4 14. Be3 Ne5 15. Red1 Qh4 16. g3 Qh3 17. Nd2 Ncd3 18. Bf1 Qh5 19. Be2 Qg6 20. Kh1 a4 21. Rg1 a3 22. b3 Ng4 23. Bxg4 Qxg4 24. Raf1 Qh3 25. f3 Nb4 26. Qc1 exf3 27. Nxf3 Bd7 28. Bd4 Qg4 29. Bxg7 Qxg7 30. Qd2 Rae8 31. Re1 c5 32. Rxe8 Rxe8 33. Re1 Rxe1+ 34. Qxe1 f4 35. gxf4 Qg4 36. Qg3 h5 37. Kg2 Bf5 38. Qxg4+ hxg4 39. Nd2 Kf7 40. Kf2 Kg6 41. Kg3 Kh5 42. Nf1 Bc2 43. Ne3 Bd3 44. Nxg4 Kg6 45. Ne3 Kf6 46. Kg4 Bg6 47. h4 Bf7 48. h5 Nd3 49. h6 Bg6 50. f5 Ne5+ 51. Kf4 Bh7 52. Ng4+ Ke7 53. Nxe5 dxe5+ 54. Kxe5 Kf7 55. Ne4 1-0


[Site "https://www.chess.com"]

[Event "Titled Tuesday Blitz December 20 Late 2022"]
[White "Sielecki, Christof"]
[Black "Hambleton, Aman"]
[WhiteFideId "4620437"]
[BlackFideId "2606577"]
[WhiteElo "2575"]
[BlackElo "2767"]
[Result "1/2-1/2"]
[Round "09"]
[TimeControl "180+1"]
[Date "2022.12.21"]
[WhiteClock "0:00:49"]
[BlackClock "0:00:03"]

1. e4 c5 2. Nf3 e6 3. c3 Nf6 4. e5 Nd5 5. g3 Nc6 6. Bg2 d6 7. exd6 Bxd6 8. O-O O-O 9. d4 cxd4 10. Nxd4 Nxd4 11. Qxd4 Qc7 12. c4 Nf6 13. Nc3 Bd7 14. Nb5 Bxb5 15. cxb5 Rfd8 16. Qd3 Be5 17. Qe2 Bd4 18. Be3 Qb6 19. Bxd4 Rxd4 20. a4 Rad8 21. a5 Qc7 22. Rfc1 Qd7 23. b6 axb6 24. axb6 Qd6 25. Qb5 Rb4 26. Qc5 Qxc5 27. Rxc5 Rxb6 28. Rc7 Rxb2 29. Rxb7 Rxb7 30. Bxb7 g5 31. Ra8 Rxa8 32. Bxa8 Kg7 33. Kg2 Kg6 34. Bb7 h6 35. Bc6 Ng8 36. Be4+ Kf6 37. Bd3 Ne7 38. Be4 Ke5 39. Bc2 f5 40. Bb3 Nc6 41. Bc4 Nd4 42. Ba2 g4 43. h3 h5 44. Bc4 Kf6 45. hxg4 hxg4 46. Bd3 e5 47. Bc4 Nf3 48. Ba6 Nd4 49. Bc8 Kg5 50. Bd7 Nf3 51. Bc8 Kf6 52. Bd7 Nd4 53. Bc8 Ke7 54. Bb7 Kd6 55. Bc8 Kd5 56. Bd7 Kc4 57. Bc8 Kc5 58. Bd7 Kb6 59. Bc8 Kc6 60. Ba6 Kd7 61. Bc4 Ke7 62. Bd5 e4 63. Bb7 Kd6 64. Bc8 Ke5 65. Bd7 Nb3 66. Bc8 Nc5 67. Kf1 Na4 68. Kg2 Nb6 69. Bb7 Nd7 70. Bc8 Nc5 71. Kf1 Ne6 72. Kg2 f4 73. gxf4+ Nxf4+ 74. Kg3 Ne2+ 75. Kxg4 e3 76. fxe3 Ke4 77. Bb7+ Kxe3 1/2-1/2


[Site "https://www.chess.com"]

[Event "Titled Tuesday Blitz December 20 Late 2022"]
[White "Silva, Miguel Antonio Neto"]
[Black "Paravyan, David"]
[WhiteFideId "1911929"]
[BlackFideId "4194985"]
[WhiteElo "2223"]
[BlackElo "2551"]
[Result "0-1"]
[Round "09"]
[TimeControl "180+1"]
[Date "2022.12.20"]
[WhiteClock "0:00:17"]
[BlackClock "0:01:58"]

1. Nf3 Nf6 2. c4 g6 3. Nc3 d5 4. cxd5 Nxd5 5. g3 Bg7 6. Bg2 O-O 7. O-O c5 8. Ne1 Nxc3 9. bxc3 Bxc3 10. Rb1 Nc6 11. d3 Bg7 12. Be3 Nd4 13. Bxb7 Bh3 14. Bg2 Qc8 15. Bxd4 cxd4 16. Nf3 Bxg2 17. Kxg2 Qe6 18. Qb3 Qxb3 19. Rxb3 Rfc8 20. Rfb1 Bf6 21. Nd2 Rc2 22. R1b2 Rac8 23. Nc4 R8xc4 24. dxc4 d3 25. Rb8+ Kg7 26. Rb1 dxe2 27. Kf3 Bc3 0-1


[Site "https://www.chess.com"]

[Event "Titled Tuesday Blitz December 20 Late 2022"]
[White "Sjugirov, Sanan"]
[Black "Donchenko, Alexander"]
[WhiteFideId "4189302"]
[BlackFideId "24603295"]
[WhiteElo "2613"]
[BlackElo "2581"]
[Result "1-0"]
[Round "09"]
[TimeControl "180+1"]
[Date "2022.12.20"]
[WhiteClock "0:00:06"]
[BlackClock "0:00:04"]

1. d4 Nf6 2. c4 e6 3. Nf3 d5 4. Nc3 Bb4 5. Bg5 dxc4 6. e4 h6 7. Bxf6 Qxf6 8. Bxc4 c5 9. O-O cxd4 10. e5 Qd8 11. Ne4 O-O 12. Qe2 Be7 13. Rad1 Qa5 14. a3 Rd8 15. Ng3 Nd7 16. Rfe1 Nf8 17. Qe4 Bd7 18. Bd3 Bb5 19. Qxb7 Bxd3 20. Rxd3 Ng6 21. b4 Qb6 22. Qxb6 axb6 23. Ne2 Rd5 24. Nexd4 Rad8 25. Re4 Bg5 26. g3 Bc1 27. Re2 Bf4 28. gxf4 Nxf4 29. Ree3 Nxd3 30. Rxd3 f6 31. Re3 Rxd4 32. Nxd4 Rxd4 33. exf6 Rd6 34. fxg7 b5 35. Re5 Rb6 36. Kg2 Kxg7 37. h4 Kf6 38. Rh5 Kg6 39. Rc5 Ra6 40. Rxb5 Rxa3 41. Rc5 Rb3 42. b5 Kf6 43. f3 h5 44. Rxh5 e5 45. Rh6+ Kf5 46. Rb6 Kf4 47. Rf6+ Ke3 48. b6 Rb2+ 49. Kg3 Rb1 50. h5 Rg1+ 51. Kh2 Rg5 52. h6 Kf2 53. Kh3 Rg3+ 54. Kh4 Rg1 55. Kh5 Rh1+ 56. Kg6 Rg1+ 57. Kf7 Rb1 58. Kg7 1-0


[Site "https://www.chess.com"]

[Event "Titled Tuesday Blitz December 20 Late 2022"]
[White "Skibbe, Willi"]
[Black "Arbunic Castro, Giovanna"]
[WhiteFideId "4682190"]
[BlackFideId "3400549"]
[WhiteElo "2316"]
[BlackElo "1961"]
[Result "1-0"]
[Round "09"]
[TimeControl "180+1"]
[Date "2022.12.21"]
[WhiteClock "0:00:11"]
[BlackClock "0:00:03"]

1. c4 Nf6 2. Nf3 g6 3. Nc3 Bg7 4. e4 d6 5. d4 O-O 6. Be2 e5 7. Be3 Nc6 8. d5 Ne7 9. Nd2 Ne8 10. c5 f5 11. f3 Nf6 12. Qc2 a6 13. a4 f4 14. Bf2 g5 15. Nc4 g4 16. cxd6 cxd6 17. Bb6 Qd7 18. Ba5 gxf3 19. Bxf3 Ng4 20. Nd1 Nxd5 21. exd5 e4 22. Nb6 Qd8 23. Nxc8 Qxa5+ 24. Qd2 Qc7 25. Rc1 Qd7 26. Bxg4 Qxg4 27. Ne7+ Kh8 28. O-O e3 29. Nxe3 fxe3 30. Qd3 e2 31. Rxf8+ Rxf8 32. Re1 Bd4+ 33. Kh1 Rf2 34. Qg3 Qh5 35. Rg1 Qf7 36. Nc8 Rf6 37. Nxd6 Rxd6 38. Qxd6 Bxg1 39. Qe5+ 1-0


[Site "https://www.chess.com"]

[Event "Titled Tuesday Blitz December 20 Late 2022"]
[White "Smith, Garrett L"]
[Black "Gomes, Luiz Alexandre de Souza"]
[WhiteFideId "2024829"]
[BlackFideId "2102790"]
[WhiteElo "2233"]
[BlackElo "2379"]
[Result "1-0"]
[Round "09"]
[TimeControl "180+1"]
[Date "2022.12.21"]
[WhiteClock "0:00:16"]
[BlackClock "0:00:01"]

1. e4 c5 2. a3 d6 3. Nc3 a6 4. g3 Nf6 5. Bg2 Nc6 6. d3 g6 7. Nge2 Bg7 8. O-O O-O 9. Be3 Re8 10. h3 Rb8 11. Qd2 e6 12. Rab1 b5 13. b4 cxb4 14. axb4 Bb7 15. Rb3 Rc8 16. d4 Ne7 17. Bg5 Qc7 18. Ra1 d5 19. e5 Ne4 20. Nxe4 dxe4 21. Ra2 Nf5 22. g4 e3 23. Bxe3 Nxe3 24. Qxe3 Red8 25. Rc3 Qb8 26. Rc5 Bf8 27. Rxc8 Rxc8 28. c3 Be7 29. Ra3 Kg7 30. Ng3 h6 31. Ne4 Bxe4 32. Bxe4 Qc7 33. Kg2 Qc4 34. Rxa6 Qxc3 35. Qxc3 Rxc3 36. Rb6 Bxb4 37. Rxb5 Be7 38. Rb7 Bh4 39. d5 Rc4 40. Kf3 exd5 41. Rxf7+ Kxf7 42. Bxd5+ Ke7 43. Bxc4 Bg5 44. Ke4 Bc1 45. f4 Bb2 46. Bg8 Bc3 47. f5 gxf5+ 48. gxf5 Bb2 49. Bc4 Bc3 50. f6+ Kd7 51. Kf5 Bb2 52. e6+ Kd6 53. e7 1-0


[Site "https://www.chess.com"]

[Event "Titled Tuesday Blitz December 20 Late 2022"]
[White "Sokolovsky, Yahli"]
[Black "Delorme, Axel"]
[WhiteFideId "2820242"]
[BlackFideId "632023"]
[WhiteElo "2638"]
[BlackElo "2440"]
[Result "0-1"]
[Round "09"]
[TimeControl "180+1"]
[Date "2022.12.21"]
[WhiteClock "0:00:09"]
[BlackClock "0:00:09"]

1. b3 e5 2. Bb2 Nc6 3. e3 d5 4. Nf3 Bd6 5. c4 Nge7 6. Nc3 dxc4 7. Bxc4 O-O 8. O-O Bg4 9. Ne4 Kh8 10. Neg5 Qe8 11. Qb1 f5 12. h3 Bh5 13. Ne6 Rf6 14. Nh2 Na5 15. Ng5 Nxc4 16. bxc4 Rg6 17. Ngf3 Qc6 18. Rc1 Bxf3 19. g3 f4 20. exf4 exf4 21. g4 Be4 22. d3 Bh1 23. f3 Bxf3 24. c5 Bh1 25. Rc2 Bxc5+ 26. d4 Rf8 27. Rxc5 Qg2# 0-1


[Site "https://www.chess.com"]

[Event "Titled Tuesday Blitz December 20 Late 2022"]
[White "Souleidis, Georgios"]
[Black "Leitao, Rafael"]
[WhiteFideId "4206827"]
[BlackFideId "2101246"]
[WhiteElo "2401"]
[BlackElo "2609"]
[Result "1/2-1/2"]
[Round "09"]
[TimeControl "180+1"]
[Date "2022.12.20"]
[WhiteClock "0:00:07"]
[BlackClock "0:00:05"]

1. e4 c5 2. Be2 Nc6 3. d3 g6 4. f4 Bg7 5. Nf3 d6 6. O-O Nf6 7. c3 O-O 8. Kh1 e6 9. Be3 Rb8 10. Nbd2 b5 11. a3 Qe7 12. d4 Rd8 13. Bd3 a6 14. Qe2 Bb7 15. a4 cxd4 16. Nxd4 e5 17. Nxc6 Bxc6 18. axb5 axb5 19. fxe5 dxe5 20. Bg5 h6 21. Be3 b4 22. Bc4 bxc3 23. bxc3 Rd7 24. Ra2 Kh7 25. Qf3 Rbd8 26. h3 Bb7 27. Rf2 Rc8 28. Bb5 Rxd2 29. Bxd2 Nxe4 30. Qxf7 Nxf2+ 31. Qxf2 e4 32. c4 Rf8 33. Qe1 Bd4 34. Be3 Qc5 35. Bxd4 Qxd4 36. Re2 Qe5 37. Re3 Rf7 38. Re2 h5 39. Re3 Kg7 40. Re2 Rf4 41. Re3 Qf6 42. Kg1 h4 43. c5 Kh7 44. Qc1 Bc6 45. Bxc6 Qxc6 46. Re1 Rf5 47. Qe3 Qxc5 48. Qxc5 Rxc5 49. Rxe4 g5 50. Kh2 Kg6 51. Rg4 Rf5 52. Rd4 Re5 53. Rc4 Rf5 54. Rb4 Re5 55. Rc4 Rf5 56. Rb4 Re5 57. Rc4 1/2-1/2


[Site "https://www.chess.com"]

[Event "Titled Tuesday Blitz December 20 Late 2022"]
[White "Stead, Kerry"]
[Black "Burke, Paul"]
[WhiteFideId "3202577"]
[BlackFideId "2605767"]
[WhiteElo "1997"]
[BlackElo "1777"]
[Result "1-0"]
[Round "09"]
[TimeControl "180+1"]
[Date "2022.12.21"]
[WhiteClock "0:00:17"]
[BlackClock "0:00:48"]

1. d4 a6 2. e4 d6 3. Be3 g6 4. f3 Nd7 5. Qd2 h6 6. Ne2 Bg7 7. a4 e6 8. Na3 Ne7 9. Nc3 b6 10. Be2 Bb7 11. O-O-O e5 12. d5 f5 13. g4 f4 14. Bf2 O-O 15. h4 Nc5 16. b4 Nd7 17. Rdg1 Qb8 18. Rd1 Kf7 19. g5 h5 20. Bf1 Ke8 21. Bh3 Kd8 22. Qe2 Bc8 23. Be6 b5 24. a5 Qb7 25. Kb2 Nb8 26. Bxc8 Qxc8 27. Rd2 Nd7 28. Nd1 Qb7 29. Kb3 Rc8 30. c4 Nb8 31. c5 dxc5 32. Bxc5 Ke8 33. Nc3 Rd8 34. Rhd1 Kf7 35. Nc2 Rfe8 36. Qh2 Kg8 37. Qh3 Nc8 38. Ka3 Nd6 39. Na1 Nc4+ 40. Ka2 Nxd2 41. Rxd2 Qc8 42. Qxc8 Rxc8 43. Nb3 Rcd8 44. d6 cxd6 45. Bxd6 Nc6 46. Ka3 Re6 47. Bc5 Rxd2 48. Nxd2 Nd4 49. Nd5 Bf8 50. Nf6+ Kf7 51. Nd7 Bxc5 52. Nxc5 Rd6 53. Ndb3 Nc6 54. Nc1 Rd1 55. N1d3 1-0


[Site "https://www.chess.com"]